 Dungeon Crawl Stone Soup version 0.28-a0-48-gfd831c5874 (webtiles) character file.

Game seed: 1640706159538384363

220 bande the Shield-Bearer (level 5, -1/33 HPs)
             Began as a Gargoyle Fighter on July 29, 2021.
             Killed from afar by an orc wizard (4 damage)
             ... with a magic dart
             ... on level 4 of the Dungeon.
             The game lasted 00:06:00 (3425 turns).

bande the Shield-Bearer (Gargoyle Fighter)          Turns: 3425, Time: 00:06:02

Health: -1/33      AC: 13    Str: 25 (26) XL:     5   Next: 97%
Magic:  5/5        EV:  6    Int:  7 (8)  God:
Gold:   146        SH: 10    Dex:  8 (10) Spells: 4/4 levels left

rFire   . . .      SeeInvis .   a - +0 war axe
rCold   . . .      Faith    .   c - +0 kite shield
rNeg    + . .      Spirit   .   h - +0 chain mail
rPois   ∞          Reflect  .   (no helmet)
rElec   +          Harm     .   (no cloak)
rCorr   .          Rampage  .   (no gloves)
Will    .....                   (no boots)
Stlth   ..........              (no amulet)
HPRegen 0.11/turn               j - +6 ring of strength
MPRegen 0.09/turn               (no ring)

@: studying Armour
A: sickness immunity, AC +4, negative energy resistance 1, electricity
resistance, torment resistance 1, petrification resistance
a: no special abilities


You were on level 4 of the Dungeon.
You visited 1 branch of the dungeon, and saw 4 of its levels.

You collected 146 gold pieces.

Inventory:

Hand Weapons
 a - a +0 war axe (weapon)
 m - a +0 flail
Missiles
 b - a throwing net (quivered)
Armour
 c - a +0 kite shield (worn)
 h - a +0 chain mail (worn)
Jewellery
 i - a +6 ring of strength
 j - a +6 ring of strength (left hand)
Wands
 l - a wand of polymorph (10)
Potions
 d - a potion of might
 e - 3 potions of cancellation
 f - a potion of haste
 g - a potion of invisibility


   Skills:
 + Level 4.0 Fighting
 + Level 3.6 Axes
 + Level 4.3 Armour
 + Level 0.7 Dodging
 + Level 4.5 Shields
 * Level 0.4 Evocations


You had 4 spell levels left.
You didn't know any spells.
Your spell library contained the following spells:

 Spells                   Type           Power      Damage    Failure   Level
 Wereblood                Tmut           0%         N/A       100%        2
 Summon Hydra             Summ           0%         N/A       100%        7
 Sublimation of Blood     Necr           Unusable   N/A       N/A         2

Dungeon Overview and Level Annotations

Branches:
Dungeon (4/15)
 Temple: D:4-7

Altars:
Elyvilon
Wu Jian


Innate Abilities, Weirdness & Mutations

You are immune to sickness and miasma.
Your stone body is resilient. (AC +4)
You are immune to poison.
You resist negative energy. (rN+)
You are resistant to electric shocks. (rElec)
You are resistant to unholy torment.
You are immune to petrification.


Message History

You block the orc's attack. The hound bites you but does no damage.
You block something's attack. Something hits you but does no damage.
The orc hits you with a +0 hand axe.
Unknown command.
You closely miss the orc.
The orc is lightly wounded.
You barely miss the hound.
Your shield prevents you from hitting something.
You miss something. The hound closely misses you.
Something hits you but does no damage. You block something's attack.
The hound bites you but does no damage. The orc hits you but does no damage.
Something hits you but does no damage. Something hits you.
The hound bites you but does no damage. You block the orc's attack.
You slash the orc!
You kill the orc!
You hit the hound. You barely miss something. x2
The hound bites you but does no damage. You block something's attack.
Something hits you but does no damage. The hound bites you.
The hound bites you but does no damage.
Something hits you but does no damage. x2
You see here a +0 hand axe.
You block the hound's attack. Something hits you.
* * * LOW HITPOINT WARNING * * *
The hound barely misses you.
There is an open door here.
You miss the hound.
The hound is moderately wounded.
You completely miss something.
Your chain mail prevents you from hitting something.
You block the hound's attack.
Something hits you but does no damage. x2
The hound bites you.
* * * LOW HITPOINT WARNING * * *
You block something's attack. Something hits you but does no damage.
It was a potion of degeneration.
There was something very wrong with that liquid.
You feel weakened.
You feel dopey.
You feel clumsy. The hound barely misses you. You block something's attack.
You hear some strange, mumbled words.
A magic dart appears from out of thin air!
The magic dart hits you.
You die...

#.....#...#
.......#.....#..^#
.......#.....#...#
......#[....#...#
.....#)[...'...#
#...#.....#...#
.###...#.....#...#
.......#{)...#...#
.......@)....#...#
.......#h....#...#
######+#.....#...#
............#...#
............#...#
............#...#
............#.†.#
............#...#
##..........#...#


You could see a hound.

Vanquished Creatures
  An orc wizard (D:4)
  4 gnolls (D:3)
  6 adders
  12 orcs
  6 endoplasms
  2 giant cockroaches
  4 goblins
  12 hobgoblins
  5 jackals
  5 quokkas
  5 ball pythons
  4 bats
  4 frilled lizards
  10 kobolds
  7 rats
87 creatures vanquished.

Vanquished Creatures (others)
  5 plants (D:2)
5 creatures vanquished.

Grand Total: 92 creatures vanquished

Notes
Turn   | Place    | Note
-------+----------+-------------------------------------------
     0 | D:1      | bande the Gargoyle Fighter began the quest for the Orb.
     0 | D:1      | Reached XP level 1. HP: 14/14 MP: 1/1
    67 | D:1      | Reached XP level 2. HP: 15/19 MP: 2/2
   741 | D:1      | Reached XP level 3. HP: 24/24 MP: 3/3
  1184 | D:2      | Identified a scroll of acquirement
  1184 | D:2      | Acquired a manual of Armour
  1286 | D:2      | Found a faded altar of an unknown god.
  1500 | D:2      | Reached XP level 4. HP: 25/29 MP: 4/4
  2191 | D:3      | Reached XP level 5. HP: 15/33 MP: 5/5
  3220 | D:4      | Found an ornate altar of the Wu Jian Council.
  3220 | D:4      | Found a white marble altar of Elyvilon.
  3425 | D:4      | Killed from afar by an orc wizard

Illustrated notes

Levels and vault maps discovered:
D:1:      dpeg_arrival_three_bigger_balls, layout_basic,
          minmay_indecisive_spiral
D:2:      cheibrodos_old_hovel, layout_loops_ring,
          hellmonk_ecumenical_altar_zigzags, minmay_misc_feat_secret_circle,
          minmay_misc_feat_nine_boxes
D:3:      layout_loops_ring
D:4:      layout_gridville, jmf_multi_god_temple, gup_sewer_entry_spiral,
          minmay_cupped

Skill      XL: |  1  2  3  4  5 |
---------------+----------------+-----
Axes           | 2 3 |  3.6
Shields        | 4 |  4.5
Armour         | 4 |  4.3
Fighting       | 4 |  4.0
Dodging        | |  0.7
Evocations     | |  0.4

Action                   |  1- 3 |  4- 6 || total
-------------------------+-------+-------++-------
Melee: War axe           |   113 |   146 ||   259
  Use: Scroll            |     4 |     4 ||     8
       Potion            |       |     1 ||     1
Armor: Scale mail        |    72 |    31 ||   103
       Chain mail        |       |    56 ||    56
Dodge: Dodged            |    34 |    42 ||    76
Block: Kite shield       |    55 |   119 ||   174

Table legend: (Time is in decaauts)
 A = Elapsed time spent in this place.
 B = Non-inter-level travel time spent in this place.
 C = Inter-level travel time spent in this place.
 D = Time resting spent in this place.
 E = Time spent auto-exploring this place.
 F = Levels seen in this place.
 G = Mean time per level.
                   A        B        C        D        E       F      G
               +--------+--------+--------+--------+--------+-----+--------+
         Total |   3574 |   3544 |     30 |    224 |   2369 |   4 |  893.5 |
       Dungeon |   3574 |   3544 |     30 |    224 |   2369 |   4 |  893.5 |
               +--------+--------+--------+--------+--------+-----+--------+

Top non-repeatable levels by time:
     D:1: 1236 daAuts
     D:2: 1126 daAuts
     D:3: 982 daAuts
     D:4: 229 daAuts
